 Dungeon Crawl Stone Soup version 0.21-a0-434-g806c6c2 (webtiles) character file.

43776 KristoblXynda the Carver (level 14, -10/84 HPs)
             Began as a Tengu Berserker on Nov 8, 2017.
             Was a High Priest of Trog.
             Killed from afar by a lindwurm (42 damage)
             ... with a blast of flame
             ... on level 6 of the Lair of Beasts.
             The game lasted 00:49:41 (18457 turns).

KristoblXynda the Carver (Tengu Berserker)         Turns: 18457, Time: 00:49:42

Health: -10/84     AC: 17    Str: 20    XL:     14   Next: 25%
Magic:  20/20      EV: 18    Int: 10    God:    Trog [*****.]
Gold:   1078       SH:  7    Dex: 16    Spells: 13/13 levels left

rFire    . . .     SeeInvis +   L - +7 scimitar (holy)
rCold    + + .     Gourm    .   E - +1 buckler
rNeg     + . .     Faith    .   D - +4 ring mail {rC+}
rPois    .         Spirit   .   (helmet restricted)
rElec    .         Reflect  .   V - +1 cloak (curse)
rCorr    .         Harm     .   o - +1 pair of gloves
MR       ++...     Clarity  +   (boots unavailable)
Stlth    ++++......             T - macabre finger necklace {rN+}
HPRegen  0.24/turn              n - ring of protection from cold
MPRegen  0.17/turn              I - ring of see invisible
                                G - ring of protection from magic

@: no status effects
A: beak, talons 3, agile 1, clarity, high mp 1, able to fly 2
a: Fly, Berserk, Trog's Hand, Brothers in Arms, Burn Spellbooks, Renounce
Religion


You were on level 6 of the Lair of Beasts.
You worshipped Trog.
Trog was extremely pleased with you.
You were not hungry.

You visited 2 branches of the dungeon, and saw 18 of its levels.
You also visited: Ossuary and Ice Cave.

You collected 1567 gold pieces.
You spent 489 gold pieces at shops.

Inventory:

Hand Weapons
 a - the +10 hand crossbow of Baytadud {speed, +Fly rC- Int-3 SInv}
   (Trog gifted it to you in an ice cave)

   Attacks with this weapon are significantly faster.
   It affects your intelligence (-3).
   It makes you vulnerable to cold.
   It lets you see invisible.
   It lets you fly.
 y - a +5 antimagic demon blade
 L - a +7 scimitar of holy wrath (weapon)
Missiles
 q - 45 bolts
Armour
 o - a +1 pair of gloves (worn)
 D - a +4 ring mail of cold resistance (worn)
 E - a +1 buckler (worn)
 V - a cursed +1 cloak (worn)
Jewellery
 h - an uncursed ring of magical power
 n - a ring of protection from cold (left hand)
 w - an uncursed ring of resist corrosion
 G - a ring of protection from magic (on amulet)
 I - a ring of see invisible (right hand)
 K - the ring "Haoc" {Ice Int-3 Dex+7 SInv}
   (You found it in an ice cave)

   [ring of ice]

   It enhances your ice magic.
   It affects your intelligence (-3).
   It affects your dexterity (+7).
   It makes you vulnerable to fire.
   It protects you from cold.
   It lets you see invisible.
 T - the macabre finger necklace (around neck) {rN+}
   (You found it on level 3 of the Lair of Beasts)

   [amulet of nothing]

   It protects you from negative energy.
Wands
 p - a wand of scattershot (0/9)
 F - a wand of disintegration (1/24)
 H - a wand of iceblast (3/15)
 S - a wand of acid (2/15)
Scrolls
 i - 2 scrolls of fog
 k - 9 scrolls of remove curse
 u - 3 scrolls of fear
 x - 6 scrolls of teleportation
 A - 4 scrolls of immolation
 W - a scroll of blinking
Potions
 d - 3 potions of resistance
 e - 4 potions of agility
 j - 3 potions of heal wounds
 m - a potion of mutation
 r - 3 potions of cancellation
 s - 2 potions of berserk rage
 t - 4 potions of curing
 v - 4 potions of lignification
 z - 6 potions of flight
 C - 3 potions of might
 M - a potion of invisibility {unknown}
 N - a potion of ambrosia
 Q - a potion of haste
Books
 g - a book of Maledictions

   Spells                             Type                      Level
   a - Corona                         Hexes                        1
   b - Ensorcelled Hibernation        Hexes/Ice                    2
   c - Confuse                        Hexes                        3
   d - Tukima's Dance                 Hexes                        3
   e - Dazzling Spray                 Conjuration/Hexes            3
   Trog disapproves of the use of such an item.
 B - a book of Summonings

   Spells                             Type                      Level
   a - Recall                         Summoning/Translocation      3
   b - Aura of Abjuration             Summoning                    5
   c - Summon Demon                   Summoning                    5
   d - Summon Forest                  Summoning/Translocation      5
   e - Summon Mana Viper              Hexes/Summoning              5
   f - Shadow Creatures               Summoning                    6
   Trog disapproves of the use of such an item.
 O - a book of Misfortune

   Spells                             Type                      Level
   a - Confusing Touch                Hexes                        1
   b - Confuse                        Hexes                        3
   c - Gell's Gravitas                Translocation                3
   d - Petrify                        Transmutation/Earth          4
   e - Metabolic Englaciation         Hexes/Ice                    5
   f - Yara's Violent Unravelling     Hexes/Transmutation          5
   Trog disapproves of the use of such an item.
 R - a book of Death

   Spells                             Type                      Level
   a - Corpse Rot                     Necromancy                   2
   b - Sublimation of Blood           Necromancy                   2
   c - Agony                          Necromancy                   5
   d - Dispel Undead                  Necromancy                   5
   e - Excruciating Wounds            Charms/Necromancy            5
   f - Bolt of Draining               Conjuration/Necromancy       5
   Trog disapproves of the use of such an item.
Miscellaneous
 P - a fan of gales
Comestibles
 b - 3 royal jellies
 c - 13 bread rations
 f - 7 meat rations


   Skills:
 + Level 8.2 Fighting
 + Level 14.3 Long Blades
 - Level 2.0 Crossbows
 + Level 12.7 Armour
 - Level 10.0 Dodging
 - Level 10.0 Stealth
 - Level 6.7 Shields
 - Level 5.0 Evocations


You had 13 spell levels left.
You didn't know any spells.

Dungeon Overview and Level Annotations

Branches:
Dungeon (12/15)            Temple (0/1) D:4            Lair (6/6) D:11
  Swamp (0/4) Lair:3        Snake (0/4) Lair:2        Slime (0/5) Lair:6
    Orc (0/2) D:10

Altars:
Ashenzari
Dithmenos
Fedhas
Gozag
Kikubaaqudgha
Nemelex Xobeh
Ru
Sif Muna
Yredelemnul
The Shining One

Shops:
D:6 [   D:10 *?*}!

Annotations:
Lair:3 2 transporters
Lair:6 exclusion: 2 oklob plants


Innate Abilities, Weirdness & Mutations

You have a beak for a mouth.
You have claws for feet.
You can fly continuously.
You are agile. (Dex +2)
You possess an exceptional clarity of mind.
You have an increased reservoir of magic. (+10% MP)


Message History

A lindwurm comes into view.
A basilisk comes into view.
The basilisk hisses angrily.
The komodo dragon hisses angrily.
You hear a roar!
The komodo dragon bites you!!
You hear an angry hiss. x3
You slash the komodo dragon!
You peck the komodo dragon, but do no damage.
The komodo dragon is lightly wounded.
The komodo dragon bites you!
A komodo dragon comes into view.
You hit the komodo dragon.
You claw the komodo dragon, but do no damage.
The komodo dragon is moderately wounded.
The komodo dragon bites you! The basilisk gazes at you.
You resist with almost no effort. The lindwurm breathes flames at you.
The blast of flame hits you!
Ouch! That really hurt!
You die...

#≈§§§...≈###...P.##.
#≈§≈§...§8###....... .
##≈≈l§..≈≈# #.......
#####k≈....≈≈≈# #.......
§§≈≈.§≈≈..l§≈≈§ #.....#(
≈§#.≈§≈#...≈§# #...)...
##...##§.l.≈§# #.......
##..........§## #.......
#.........@.≈# ##.......
#..........## ###........
##.........## ###..........
#8.........# ##........P.#.
##.####....# #..#..PP..P###
##..####............. #..#
#.............. ####
#####)####..#.###.##...
...##
#####.##.#†#P÷P.##.#.###...


You could see a lindwurm, 2 komodo dragons and a basilisk.

Vanquished Creatures
  A frost giant (IceCv)
  6 hydras
  Fannar (D:10)
  A catoblepas (Lair:5)
  A death yak (IceCv)
  2 two-headed ogres
  Sonja (Lair:1)
  A lindwurm (Lair:5)
  An ugly thing (D:11)
  A molten gargoyle (Lair:6)
  An ice statue (IceCv)
  9 elephants
  13 spiny frogs
  3 black mambas
  A rime drake (IceCv)
  2 ice devils (Lair:3)
  11 komodo dragons
  16 polar bears
  A troll (D:11)
  Grinder (D:3)
  5 hippogriffs
  A spriggan (D:7)
  5 wyverns
  A wraith (D:9)
  Sigmund (D:4)
  31 yaks
  4 basilisks
  A hungry ghost (D:5)
  Grum (D:11)
  4 nagas (Lair:2)
  15 water moccasins
  2 hell hounds (Lair:6)
  4 sky beasts
  7 porcupines
  7 orc warriors
  2 ice beasts
  A necrophage (D:10)
  2 phantoms (D:9)
  2 black bears
  5 ogres
  3 centaurs
  20 wolves
  15 crocodiles
  8 bullfrogs
  2 big kobolds
  A gnoll sergeant (D:9)
  A wyvern zombie (D:8)
  3 scorpions
  4 killer bees (D:11)
  4 howler monkeys
  6 crimson imps
  A centaur skeleton (D:7)
  A quasit (D:7)
  7 hounds
  4 orc priests
  A gnoll shaman (D:6)
  3 jellies
  6 orc wizards
  2 bullfrog skeletons
  Jessica (D:2)
  Terence (D:3)
  2 iguanas
  5 worker ants
  A big kobold zombie (Ossuary)
  A hound zombie (D:8)
  A hound skeleton (D:7)
  8 mummies (Ossuary)
  A worker ant zombie (D:9)
  A howler monkey skeleton (D:5)
  11 gnolls
  18 adders
  4 shadow imps
  A worm zombie (D:5)
  2 adder skeletons
  An adder zombie (D:9)
  A worm (D:3)
  2 dart slugs (D:2)
  4 leopard geckos
  60 orcs
  4 giant cockroaches
  9 goblins
  4 hobgoblins
  15 jackals
  2 quokkas
  A ball python (D:5)
  7 bats
  3 frilled lizards
  A gnoll zombie (Ossuary)
  4 hobgoblin zombies
  16 kobolds
  A kobold zombie (Ossuary)
  2 orc zombies (Ossuary)
  A quokka skeleton (D:5)
  8 rats
471 creatures vanquished.

Vanquished Creatures (others)
  5 fungi
  8 plants (Lair:6)
13 creatures vanquished.

Grand Total: 484 creatures vanquished

Notes
Turn   | Place    | Note
-------+----------+-------------------------------------------
     0 | D:1      | KristoblXynda the Tengu Berserker began the quest for the Orb.
     0 | D:1      | Reached XP level 1. HP: 14/14 MP: 2/2
   328 | D:1      | Reached XP level 2. HP: 16/19 MP: 3/3
   874 | D:2      | Found an ancient bone altar of Kikubaaqudgha.
   877 | D:2      | Reached XP level 3. HP: 23/23 MP: 4/4
   970 | D:2      | Noticed Jessica
   974 | D:2      | Killed Jessica
   974 | D:2      | Reached skill level 4 in Long Blades
   974 | D:2      | Reached XP level 4. HP: 22/28 MP: 5/5
  1629 | D:3      | Reached ** piety under Trog
  1701 | D:3      | Gained mutation: You can fly. [Tengu growth]
  1701 | D:3      | Reached XP level 5. HP: 26/32 MP: 6/6
  2173 | D:3      | Noticed Terence
  2180 | D:3      | Killed Terence
  2269 | D:3      | Noticed Grinder
  2278 | D:3      | Killed Grinder
  2278 | D:3      | Reached skill level 5 in Long Blades
  2278 | D:3      | Reached XP level 6. HP: 37/37 MP: 7/7
  2467 | D:4      | Reached XP level 7. HP: 35/41 MP: 8/8
  2549 | D:4      | Reached skill level 5 in Dodging
  2565 | D:4      | Noticed Sigmund
  2576 | D:4      | Killed Sigmund
  2576 | D:4      | Reached skill level 5 in Armour
  2576 | D:4      | Reached skill level 1 in Evocations
  2684 | D:4      | Reached skill level 6 in Long Blades
  2778 | D:4      | Found a staircase to the Ecumenical Temple.
  2941 | D:4      | Reached *** piety under Trog
  2941 | D:4      | Reached XP level 8. HP: 39/46 MP: 10/10
  3398 | D:5      | Entered Level 5 of the Dungeon
  3638 | D:5      | Reached skill level 7 in Long Blades
  3785 | D:5      | Found a sand-covered staircase.
  3798 | Ossuary  | Entered an ossuary
  3852 | Ossuary  | Reached **** piety under Trog
  4265 | D:5      | Found a sacrificial altar of Ru.
  4266 | D:5      | Found a glowing golden altar of the Shining One.
  4267 | D:5      | Found a blossoming altar of Fedhas.
  4270 | D:5      | Found a deep blue altar of Sif Muna.
  4480 | D:5      | Reached XP level 9. HP: 23/51 MP: 13/13
  4978 | D:6      | Found Lice's Armour Shop.
  5005 | D:6      | Bought a +4 ring mail of cold resistance for 403 gold pieces
  5005 | D:6      | Bought a +0 buckler for 58 gold pieces
  5196 | D:6      | Reached skill level 8 in Long Blades
  5196 | D:6      | Reached skill level 5 in Evocations
  5299 | D:6      | Found a basalt altar of Yredelemnul.
  5306 | D:6      | Found a shadowy altar of Dithmenos.
  5391 | D:6      | Reached skill level 1 in Shields
  5447 | D:6      | Identified a scroll of acquirement
  5561 | D:7      | Reached ***** piety under Trog
  5833 | D:7      | Found a sparkling altar of Nemelex Xobeh.
  6039 | D:8      | Gained mutation: You have an increased reservoir of magic. (+10% MP) [mutagenic meat]
  6040 | D:8      | Gained mutation: You are agile. (Dex +2) [mutagenic meat]
  6166 | D:8      | Noticed a two-headed ogre
  6174 | D:8      | Killed a two-headed ogre
  6174 | D:8      | Reached skill level 5 in Fighting
  6174 | D:8      | Reached skill level 9 in Long Blades
  6349 | D:8      | Found a blossoming altar of Fedhas.
  6403 | D:8      | Reached XP level 10. HP: 38/59 MP: 16/16
  6550 | D:8      | Reached skill level 1 in Stealth
  6605 | D:8      | Found a shattered altar of Ashenzari.
  6948 | D:9      | Found an opulent altar of Gozag.
  6987 | D:9      | Reached skill level 5 in Shields
  7111 | D:9      | Noticed a two-headed ogre
  7126 | D:9      | Killed a two-headed ogre
  7126 | D:9      | Reached skill level 10 in Long Blades
  7130 | D:9      | Received a gift from Trog
  7548 | D:9      | Reached skill level 5 in Stealth
  7885 | D:9      | Reached XP level 11. HP: 43/64 MP: 17/17
  8242 | D:10     | Entered Level 10 of the Dungeon
  8316 | D:10     | Noticed Fannar
  8342 | D:10     | Killed Fannar
  8512 | D:10     | Reached skill level 11 in Long Blades
  8646 | D:10     | Received a gift from Trog
  8670 | D:10     | Found Nompe's Assorted Antiques.
  8672 | D:10     | Found a staircase to the Orcish Mines.
  8737 | D:10     | Found Liskaill's Distillery.
  8738 | D:10     | Found Coebb's General Store.
  8738 | D:10     | Found Nainn's Magic Scroll Shoppe.
  8738 | D:10     | Found Jaojaimoemp's Gadget Shoppe.
  8765 | D:10     | Bought a scroll of identify for 28 gold pieces
  9210 | D:11     | Noticed Grum
  9239 | D:11     | Killed Grum
  9421 | D:11     | Noticed a brown ugly thing
  9427 | D:11     | Killed a brown ugly thing
  9432 | D:11     | Gained mutation: You possess an exceptional clarity of mind. [mutagenic meat]
  9616 | D:11     | Found a staircase to the Lair.
 10092 | D:12     | Noticed a skeletal warrior
 10092 | D:12     | Noticed a skeletal warrior
 10092 | D:12     | Noticed a skeletal warrior
 10111 | Lair:1   | Entered Level 1 of the Lair of Beasts
 10114 | Lair:1   | Noticed a six-headed hydra
 10138 | Lair:1   | Killed an eight-headed hydra
 10614 | Lair:1   | Reached XP level 12. HP: 61/68 MP: 18/18
 10702 | Lair:1   | Noticed Sonja
 10712 | Lair:1   | Killed Sonja
 10807 | Lair:1   | Reached skill level 12 in Long Blades
 11598 | Lair:1   | Noticed a four-headed hydra
 11605 | Lair:1   | Killed a four-headed hydra
 11725 | Lair:2   | Reached skill level 10 in Armour
 11953 | Lair:2   | Found a staircase to the Snake Pit.
 12450 | Lair:3   | Found a transporter.
 12482 | Lair:3   | Found a frozen archway.
 12503 | IceCv    | Entered an ice cave
 12761 | IceCv    | Received a gift from Trog
 13228 | IceCv    | Reached XP level 13. HP: 48/73 MP: 19/19
 13781 | IceCv    | Reached skill level 13 in Long Blades
 13814 | IceCv    | Reached skill level 10 in Stealth
 14134 | IceCv    | Noticed a frost giant
 14146 | IceCv    | Received a gift from Trog
 14152 | IceCv    | Killed a frost giant
 14180 | IceCv    | Got an ichor-stained hand crossbow {god gift}
 14224 | IceCv    | Identified the +10 hand crossbow of Baytadud {speed, +Fly rC- Int-3 SInv} (Trog gifted it to you in an ice cave)
 14560 | IceCv    | Got a twitching ivory ring
 14573 | IceCv    | Identified the ring "Haoc" {Ice Int-3 Dex+7 SInv} (You found it in an ice cave)
 14845 | Lair:3   | Reached skill level 10 in Dodging
 14958 | Lair:3   | Found the macabre finger necklace {rN+}
 14995 | Lair:3   | Found a transporter.
 15136 | Lair:3   | Found a staircase to the Swamp.
 15559 | Lair:4   | Reached skill level 1 in Crossbows
 16985 | Lair:5   | Got a polished dagger
 16986 | Lair:5   | Identified the +4 dagger of the Tomato {pierce, rC+ Dex+3 SInv} (You found it on level 5 of the Lair of Beasts)
 17396 | Lair:6   | Entered Level 6 of the Lair of Beasts
 17507 | Lair:6   | Found a staircase to the Slime Pits.
 17597 | Lair:6   | Gained mutation: You can fly continuously. [Tengu growth]
 17597 | Lair:6   | Reached XP level 14. HP: 82/82 MP: 20/20
 17599 | Lair:6   | Reached skill level 14 in Long Blades
 18299 | Lair:6   | Received a gift from Trog
 18457 | Lair:6   | Killed from afar by a lindwurm

Vault maps used:
D:1:      dpeg_arrival_lava_altar
D:2:      kiku_gazebo_pond_becter, uniq_jessica
D:3:      first_bread, roderic_lattice_a, uniq_terence, uniq_grinder
D:4:      minmay_door_path, temple_green, kennysheep_dice, uniq_sigmund
D:5:      minitemple, enter_ossuary_3, st_stairs_4
D:6:      kennysheep_mini, serial_shops, shop, grunt_dithmenos_shadows
D:7:      kennysheep_little_box, the_bakery, feat_on_display
D:8:      cheibrodos_ashenzari_chains, basic_altar
D:9:      nicolae_gozag_seed_capital
D:10:     orc_0_dummy, serial_shops, nicolae_shop_statue_plus,
          minmay_shop_grid_forest, uniq_fannar
D:11:     david_lair_generic, uniq_grum
D:12:     lemuel_centaur_altar
Lair:1:   st_stairs_4, infiniplex_staircase_pool_2, uniq_sonja
Lair:2:   minmay_snake_entry_guardpost_medium
Lair:3:   gammafunk_cloud_chamber, minmay_swamp_entry_eels,
          portal_ice_cave_demonic_guard, grunt_megastairs_3
Lair:4:   lemuel_fruit_tree, grunt_megastairs_4
Lair:5:   st_stairs_4, minivault_19
Lair:6:   cheibrodos_lair_end_hotspot, slime_dummy, minmay_lair_oklob_chamber
Ossuary:  ossuary_tomb_3
IceCv:    ice_cave_caverns_01

Skill      XL: |  1  2  3  4  5  6  7  8  9 10 11 12 13 14 |
---------------+-------------------------------------------+-----
Long Blades    | 4 5 6 7 9 10 11 12 13 14 | 14.3
Armour         | 3 4 5 7 8 9 10 12 | 12.7
Dodging        | 3 4 5 7 9 10 | 10.0
Evocations     | 2 4 5 |  5.0
Shields        | 3 6 |  6.7
Fighting       | 5 7 8 |  8.2
Stealth        | 5 7 9 10 | 10.0
Crossbows      | 2 |  2.0

Action                   |  1- 3 |  4- 6 |  7- 9 | 10-12 | 13-15 || total
-------------------------+-------+-------+-------+-------+-------++-------
Melee: Falchion          |    41 |    39 |   136 |       |       ||   216
       Peck              |     4 |    15 |    62 |   151 |   115 ||   347
       Kick              |     4 |    22 |   116 |   240 |   176 ||   558
       Dagger            |       |    53 |   161 |       |     9 ||   223
       Long sword        |       |       |    21 |   101 |       ||   122
       Scimitar          |       |       |       |   501 |   368 ||   869
Invok: Berserk           |       |     1 |     8 |    10 |     7 ||    26
       Burn Spellbooks   |       |       |       |     1 |     2 ||     3
Evoke: Wand              |       |       |       |    10 |     9 ||    19
  Use: Scroll            |       |     7 |    11 |    16 |     6 ||    40
       Potion            |       |       |       |       |     6 ||     6
 Stab: Sleeping          |     1 |       |       |    19 |     9 ||    29
       Distracted        |       |       |       |     1 |     6 ||     7
  Eat: Chunk             |       |     6 |    17 |    14 |     5 ||    42
       Fruit             |       |       |     3 |     3 |     9 ||    15
       Royal jelly       |       |       |     1 |     1 |     1 ||     3
       Meat ration       |       |       |       |     2 |       ||     2
       Bread ration      |       |       |       |     1 |     2 ||     3
Armor: Animal skin       |     3 |       |       |       |       ||     3
       Ring mail         |     8 |    26 |    94 |   167 |    85 ||   380
       Chain mail        |       |       |    12 |       |       ||    12
Dodge: Dodged            |    24 |    55 |   196 |   332 |   201 ||   808
Block: Buckler           |       |       |    22 |   145 |    97 ||   264
       Rpst.: Falchion   |     6 |    14 |    24 |       |       ||    44
       Long sword        |       |       |     3 |    20 |       ||    23
       Scimitar          |       |       |       |    67 |    38 ||   105

Table legend:
 A = Spawn XP
 B = Non-spawn XP
 C = Spawn XP percentage of total XP
 D = Spawn monster count
 E = Non-spawn monster count
 F = Spawn count percentage of total count
 G = Total turns spent on level
                    A         B        C        D         E        F      G
               +---------+---------+-------+---------+---------+-------+---------
         Total |       0 |   62538 |   0.0 |       0 |     471 |   0.0 | 18457
               +---------+---------+-------+---------+---------+-------+---------
           D:1 |       0 |      22 |   0.0 |       0 |      12 |   0.0 |   743
           D:2 |       0 |      91 |   0.0 |       0 |      19 |   0.0 |   882
           D:3 |       0 |     467 |   0.0 |       0 |      28 |   0.0 |   818
           D:4 |       0 |     776 |   0.0 |       0 |      25 |   0.0 |   955
           D:5 |       0 |     909 |   0.0 |       0 |      28 |   0.0 |  1036
           D:6 |       0 |     418 |   0.0 |       0 |      14 |   0.0 |   690
           D:7 |       0 |     717 |   0.0 |       0 |      15 |   0.0 |   571
           D:8 |       0 |    2059 |   0.0 |       0 |      22 |   0.0 |   777
           D:9 |       0 |    4366 |   0.0 |       0 |      71 |   0.0 |  1434
          D:10 |       0 |    2699 |   0.0 |       0 |      30 |   0.0 |   831
          D:11 |       0 |    3203 |   0.0 |       0 |      29 |   0.0 |  1036
        Lair:1 |       0 |    6744 |   0.0 |       0 |      19 |   0.0 |  1535
        Lair:2 |       0 |    2991 |   0.0 |       0 |      16 |   0.0 |   784
        Lair:3 |       0 |    2423 |   0.0 |       0 |       9 |   0.0 |   841
        Lair:4 |       0 |    3448 |   0.0 |       0 |       9 |   0.0 |   720
        Lair:5 |       0 |    5110 |   0.0 |       0 |      20 |   0.0 |  1321
        Lair:6 |       0 |   11839 |   0.0 |       0 |      33 |   0.0 |  1061
       Ossuary |       0 |     174 |   0.0 |       0 |      16 |   0.0 |   336
         IceCv |       0 |   14082 |   0.0 |       0 |      56 |   0.0 |  2084
               +---------+---------+-------+---------+---------+-------+---------
